 Dungeon Crawl Stone Soup version 0.23-a0-619-g281719c (webtiles) character file.

91 zishaf the Gusty (level 4, -2/24 HPs)
             Began as a Tengu Air Elementalist on Dec 22, 2018.
             Was a Follower of Elyvilon.
             Slain by an adder (3 damage)
             ... on level 3 of the Dungeon.
             The game lasted 00:03:40 (2218 turns).

zishaf the Gusty (Tengu Air Elementalist)           Turns: 2218, Time: 00:03:40

Health: -2/24      AC:  2    Str:  9    XL:     4   Next: 57%
Magic:  1/8        EV: 12    Int: 16    God:    Elyvilon [*.....]
Gold:   185        SH:  0    Dex: 14    Spells: 4/7 levels left

rFire    . . .     SeeInvis .   k - +2 dagger (venom)
rCold    . . .     Gourm    .   (no shield)
rNeg     + . .     Faith    .   a - +0 robe
rPois    .         Spirit   .   (helmet restricted)
rElec    .         Reflect  .   (no cloak)
rCorr    .         Harm     .   (no gloves)
MR       .....                  (boots unavailable)
Stlth    +.........             (no amulet)
HPRegen  0.08/turn              b - ring of positive energy (curse)
MPRegen  0.11/turn              (no ring)

@: heavily drained
A: beak, talons 3
a: Lesser Healing, Divine Protection, Renounce Religion


You were on level 3 of the Dungeon.
You worshipped Elyvilon.
Elyvilon was aware of your devotion.
You were hungry.

You visited 1 branch of the dungeon, and saw 3 of its levels.

You collected 185 gold pieces.

Inventory:

Hand Weapons
 k - a +2 dagger of venom (weapon)
Armour
 a - a +0 robe (worn)
 l - a +1 ring mail of poison resistance
Jewellery
 b - a cursed ring of positive energy (left hand)
Scrolls
 d - a scroll of identify {unknown}
 g - a scroll of teleportation {unknown}
 h - a scroll of noise {unknown}
 j - a scroll of enchant armour {unknown}
 m - a scroll of enchant weapon {unknown}
Potions
 e - 2 potions of curing {unknown}
 f - a potion of resistance {unknown}
 i - 2 potions of mutation {unknown}
 n - a potion of invisibility {unknown}
 p - 2 potions of haste {unknown}
Comestibles
 c - 7 rations
 o - 8 chunks of flesh


   Skills:
 + Level 3.4(1.7) Dodging
 - Level 2.0(0.4) Stealth
 - Level 2.0(0.4) Spellcasting
 + Level 3.3(1.7) Conjurations
 + Level 5.1(3.3) Air Magic


You had 4 spell levels left.
You knew the following spells:

 Your Spells              Type           Power        Failure   Level  Hunger
a - Shock                 Conj/Air       #...         9%          1    ##.....
b - Swiftness             Chrm/Air       #.......     19%         2    ###....

Your spell library contained the following spells:

 Spells                   Type           Power        Failure   Level  Hunger
 Static Discharge         Conj/Air       #.......     26%         3    ####...
 Airstrike                Air            ##........   52%         4    #####..
 Lightning Bolt           Conj/Air       #.........   94%         5    ######.


Dungeon Overview and Level Annotations

Branches:
Dungeon (3/15)

Altars:
Elyvilon


Innate Abilities, Weirdness & Mutations

You have a beak for a mouth.
You have claws for feet.


Message History

The zap hits the adder.
The adder is severely wounded.
The adder barely misses you.
Casting: Shock (safe; 9% risk of failure)
Confirm with . or Enter, or press ? or * to list all spells.
Aiming: Shock (safe; 9% risk of failure)
Press: ? - help, Shift-Dir - straight line, f/p - adder
Aim: an adder (severely wounded)
The zap hits the adder.
The adder is severely wounded.
The adder completely misses you.
Casting: Shock (safe; 9% risk of failure)
Confirm with . or Enter, or press ? or * to list all spells.
Aiming: Shock (safe; 9% risk of failure)
Press: ? - help, Shift-Dir - straight line, f/p - adder
Aim: an adder (severely wounded)
The zap misses the adder.
The adder bites you.
* * * LOW HITPOINT WARNING * * *
The adder bites you.
You die...

#.....#.#.##..#
#.....#.#.....#.
#.....#.#.......
###.###.......# ##
#.###.......# ..
#.........# #.##.##
######.#..# #
#......######.##.#..#.##
(......S@......#.......#
#.#.##.####.#...."(.##.#
#. #.........# #.
#.#.##.#### #. #.####!#
.. #.# #.. ## #.# ###.
... .# ... #


You could see an adder.

Vanquished Creatures
  3 adders
  3 dart slugs
  2 leopard geckos (D:2)
  A ball python (D:1)
  8 bats
  11 giant cockroaches (D:2)
  7 goblins
  2 hobgoblins
  2 jackals (D:2)
  2 kobolds (D:2)
  A quokka (D:2)
  4 frilled lizards
  3 rats (D:1)
49 creatures vanquished.

Notes
Turn   | Place    | Note
-------+----------+-------------------------------------------
     0 | D:1      | zishaf the Tengu Air Elementalist began the quest for the
                  | Orb.
     0 | D:1      | Reached XP level 1. HP: 10/10 MP: 4/4
   244 | D:1      | Reached XP level 2. HP: 12/15 MP: 3/6
   299 | D:1      | Learned a level 2 spell: Swiftness
   965 | D:2      | Found a faded altar of an unknown god.
   971 | D:2      | Reached XP level 3. HP: 19/19 MP: 0/7
  1303 | D:2      | Became a worshipper of Elyvilon the Healer
  1303 | D:2      | Reached * piety under Elyvilon
  1782 | D:2      | Reached XP level 4. HP: 24/24 MP: 5/8
  2065 | D:2      | Reached skill level 5 in Air Magic
  2218 | D:3      | HP: 1/24 [adder (4)]
  2218 | D:3      | Slain by an adder

Vault maps used:
D:1:      eino_arrival_tree_alley
D:2:      minmay_roachtagon, first_ration,
          chequers_ecumenical_altar_simple_redux
D:3:      cheibrodos_sewer_entry_bend, uniq_crazy_yiuf_cottage

Skill      XL: |  1  2  3  4 |
---------------+-------------+-----
Conjurations   | 2 3 |  3.3
Dodging        | 3 |  3.4
Air Magic      | 5 |  5.1
Stealth        | |  2.0
Spellcasting   | |  2.0

Action                   |  1- 3 |  4- 6 || total
-------------------------+-------+-------++-------
Melee: Unarmed           |     9 |       ||     9
       Kick              |     2 |     3 ||     5
       Dagger            |       |    23 ||    23
       Peck              |       |     4 ||     4
 Cast: Shock             |    68 |    17 ||    85
Invok: Lesser Healing    |     1 |       ||     1
 Stab: Sleeping          |       |     1 ||     1
  Eat: Chunk             |     4 |     1 ||     5
Armor: Robe              |    17 |     3 ||    20
Dodge: Dodged            |    22 |    18 ||    40

Table legend:
 A = Non-vault XP
 B = Vault XP
 C = Vault XP percentage of total XP
 D = Non-vault monster count
 E = Vault monster count
 F = Vault count percentage of total count
                 A         B        C        D         E       F
            +---------+---------+-------+---------+---------+-------
      Total |     108 |      22 |  16.9 |      38 |      11 |  22.4
            +---------+---------+-------+---------+---------+-------
        D:1 |      29 |       0 |   0.0 |      16 |       0 |   0.0
        D:2 |      64 |      22 |  25.6 |      20 |      11 |  35.5
        D:3 |      15 |       0 |   0.0 |       2 |       0 |   0.0
            +---------+---------+-------+---------+---------+-------
